 Dungeon Crawl Stone Soup version 0.20.1-1-g8b1a95d (webtiles) character file.

49 vineage the Shield-Bearer (level 3, -9/23 HPs)
             Began as a Gargoyle Fighter on Sept 5, 2017.
             Mangled by vineage's ghost (11 damage)
             ... on level 3 of the Dungeon.
             The game lasted 00:02:29 (1365 turns).

vineage the Shield-Bearer (Gargoyle Fighter)        Turns: 1365, Time: 00:02:30

Health: -9/23      AC: 11    Str: 25    XL:     3   Next: 77%
Magic:  3/3        EV:  7    Int:  8    God:
Gold:   149        SH:  9    Dex:  9    Spells: 2/2 levels left

rFire    . . .     SeeInvis .   a - +0 flail
rCold    . . .     Gourm    .   c - +0 shield
rNeg     + . .     Faith    .   b - +0 scale mail
rPois    ∞         Spirit   .   (no helmet)
rElec    +         Reflect  .   m - +0 cloak (curse)
rCorr    .         Harm     .   (no gloves)
MR       .....                  (no boots)
Stlth    ..........             g - amulet of regeneration
Regen    0.5/turn               l - ring of wizardry
MPRegen  0.1/turn               (no ring)

@: mighty
A: negative energy resistance 1, electricity resistance, unbreathing,
petrification resistance, rot immunity, AC +3
a: no special abilities


You were on level 3 of the Dungeon.
You were not hungry.

You visited 1 branch of the dungeon, and saw 3 of its levels.

You collected 149 gold pieces.

Inventory:

Hand Weapons
 a - a +0 flail (weapon)
Armour
 b - a +0 scale mail (worn)
 c - a +0 shield (worn)
 m - a cursed +0 cloak (worn)
Jewellery
 g - an amulet of regeneration (around neck)
 l - a ring of wizardry (left hand)
 o - an uncursed amulet of magic regeneration {unknown}
Scrolls
 e - 4 scrolls of identify {unknown}
 i - 2 scrolls of enchant armour {unknown}
 j - 3 scrolls of remove curse {unknown}
 n - a scroll of fog {unknown}
 q - a scroll of fear {unknown}
 r - a scroll of teleportation {unknown}
Potions
 p - a potion of haste {unknown}
 s - a potion of degeneration {unknown}
 t - 2 potions of curing {unknown}
Books
 v - a book of Cantrips

   Spells                             Type                      Level
   a - Confusing Touch                Hexes                        1
   b - Animate Skeleton               Necromancy                   1
   c - Summon Small Mammal            Summoning                    1
   d - Apportation                    Translocation                1
Comestibles
 f - 2 bread rations
 h - 2 royal jellies
 k - a meat ration
 u - a chunk of flesh


   Skills:
 + Level 3.5 Fighting
 + Level 2.8 Maces & Flails
 + Level 3.7 Armour
 + Level 0.1 Dodging
 + Level 3.8 Shields


You had 2 spell levels left.
You didn't know any spells.

Dungeon Overview and Level Annotations

Branches:
Dungeon (3/15)

Altars:
The Shining One

Annotations:
D:3 vineage's ghost, amateur GrFi


Innate Abilities, Weirdness & Mutations

You are resistant to torment.
Your stone body is resilient. (AC +3)
You are immune to poison.
You resist negative energy. (rN+)
You are resistant to electric shocks. (rElec)
You can survive without breathing.
You are immune to petrification.
You are immune to rotting.


Message History

Vineage's ghost (amateur Gargoyle Fighter) comes into view.
You see here a potion of might.
Vineage's ghost is nearby!
Vineage's ghost is nearby!
You feel very mighty all of a sudden. Vineage's ghost barely misses you.
You hit vineage's ghost.
Vineage's ghost is lightly damaged.
Vineage's ghost hits you. You block vineage's ghost's attack.
You barely miss vineage's ghost.
Vineage's ghost is lightly damaged.
Vineage's ghost hits you!
You are too injured to fight recklessly!
You are too injured to fight recklessly!
You closely miss vineage's ghost.
Vineage's ghost is lightly damaged.
Vineage's ghost hits you!
* * * LOW HITPOINT WARNING * * *
Vineage's ghost hits you!
You die...

#.. #.# ..#### #. #.#
.....#.. . # #.#
##......# #.. ##
#.#####.......# ...
.####.....#.......##.# .
..................#..#..
..........##(...W?......
#....#....##....@#..#
#.#..######........#
#.#...### #.......#..##
#.##....###....!..#....#
#.##.##...##.......$....
#.##.####.###...#.......
..##.# #.#####.#.......
.#...####.....[.........
##.#.......#......#.....


You could see vineage's ghost.

Vanquished Creatures
  5 dart slugs
  2 leopard geckos
  2 giant cockroaches
  4 goblins
  6 hobgoblins
  A jackal (D:3)
  2 kobolds (D:2)
  A ball python (D:1)
  5 bats
  3 frilled lizards
  5 rats
36 creatures vanquished.

Notes
Turn   | Place    | Note
-------+----------+-------------------------------------------
     0 | D:1      | vineage the Gargoyle Fighter began the quest for the Orb.
     0 | D:1      | Reached XP level 1. HP: 14/14 MP: 1/1
   139 | D:1      | Reached XP level 2. HP: 17/19 MP: 2/2
   204 | D:1      | Found a glowing golden altar of the Shining One.
   556 | D:1      | Reached XP level 3. HP: 23/23 MP: 3/3
  1359 | D:3      | Noticed vineage's ghost (amateur GrFi)
  1365 | D:3      | Mangled by vineage's ghost

Action                   || total
-------------------------++-------
Melee: Flail             ||   142
  Use: Potion            ||     1
  Eat: Chunk             ||     2
Armor: Scale mail        ||    91
Dodge: Dodged            ||    51
Block: Shield            ||    70
